 Dungeon Crawl Stone Soup version 0.30-a0-586-g23e55c9e0a (webtiles) character file.

Game seed: 9940142320145855924

193 wormed the Trooper (level 5, 0/46 HPs)
             Began as a Ghoul Fighter on Jan 3, 2023.
             Killed by divine providence
             ... invoked by an orc priest
              (11 damage)
             ... on level 4 of the Dungeon on Jan 4, 2023.
             The game lasted 00:02:50 (2261 turns).

wormed the Trooper (Ghoul Fighter)                  Turns: 2261, Time: 00:02:51

Health: 0/46       AC:  8    Str: 22    XL:     5   Next: 72%
Magic:  4/4        EV:  9    Int:  3    God:
Gold:   193        SH:  5    Dex: 14    Spells: 4/4 levels left

rFire   . . .      SeeInvis .    a - +0 war axe
rCold   + . .      Faith    .    c - +0 buckler
rNeg    + + +      Spirit   .    b - +0 scale mail
rPois   ∞          Reflect  .    (no helmet)
rElec   .          Harm     .    (no cloak)
rCorr   .          Rampage  .    s - +0 pair of gloves
Will    .....                    (no boots) Stlth
                                 (no amulet)
HPRegen 0.00/turn                n - +6 ring of dexterity
MPRegen 0.09/turn                (no ring)

@: mighty, inhibited regen
A: claws 1, cold resistance 1, negative energy resistance 3, inhibited
regeneration, torment resistance 2, devour on kill
a: no special abilities


You were on level 4 of the Dungeon.
You visited 1 branch of the dungeon, and saw 4 of its levels.

You collected 193 gold pieces.

Inventory:

Hand Weapons
 a - a +0 war axe (weapon)
Armour
 b - a +0 scale mail (worn)
 c - a +0 buckler (worn)
 s - a +0 pair of gloves (worn)
Jewellery
 k - a +6 ring of intelligence
 n - a +6 ring of dexterity (left hand)
 r - an amulet of magic regeneration
 t - a +5 ring of evasion
Wands
 m - a wand of iceblast (15)
Scrolls
 f - 2 scrolls of teleportation {unknown}
 h - a scroll of fog {unknown}
 l - 2 scrolls of poison {unknown}
 o - 2 scrolls of identify {unknown}
 p - 3 scrolls of brand weapon {unknown}
Potions
 e - a potion of brilliance {unknown}
 g - a potion of heal wounds {unknown}
 i - a potion of curing
 j - a potion of invisibility {unknown}
 q - a potion of magic {unknown}


   Skills:
 + Level 4.2 Fighting
 * Level 3.5 Axes
 + Level 3.4 Armour
 + Level 3.4 Shields


You had 4 spell levels left.
You didn't know any spells.
Your spell library contained the following spells:

 Spells                   Type           Power      Damage    Failure   Level
 Summon Small Mammal      Summ           0%         N/A       91%         1
 Call Canine Familiar     Summ           0%         N/A       99%         3
 Summon Guardian Golem    Hex/Summ       0%         N/A       99%         3


Dungeon Overview and Level Annotations

Branches:
Dungeon (4/15)
 Temple: D:4-7

Altars:


Innate Abilities, Weirdness & Mutations

You are immune to poison.
You have sharp fingernails.
Your flesh is cold resistant. (rC+)
You are immune to negative energy. (rN+++)
You do not regenerate when monsters are visible.
You are immune to unholy pain and torment.
You thrive by killing the living.


Message History

The orc hits you from afar with a +0 trident.
You closely miss the ogre. You hit the orc priest.
You are engulfed in a cloud of scalding steam.
The orc closely misses you.
The orc priest looks satisfied for a moment.
The ogre is engulfed in a cloud of scalding steam.
The ogre misses you.
You closely miss the ogre.
The ogre is moderately wounded.
You slash something!
You feel better.
You hear a splash. x2
Reactivating autopickup.
You feel a bit more experienced.
You closely miss the orc priest.
You are engulfed in a cloud of scalding steam.
The orc hits you from afar with a +0 trident.
* * * LOW HITPOINT WARNING * * *
The orc priest hits you but does no damage.
The ogre is engulfed in a cloud of scalding steam.
The ogre barely misses you.
The orc is engulfed in a cloud of scalding steam.
The orc barely misses you.
You completely miss the orc.
The orc is almost dead.
You hit the ogre. You hit the orc priest. The orc closely misses you.
The orc priest hits you with a +0 flail.
* * * LOW HITPOINT WARNING * * *
The orc hits you from afar with a +0 trident.
* * * LOW HITPOINT WARNING * * *
You hear some strange, mumbled words.
Deactivating autopickup; reactivate with Ctrl-A.
Something tries to affect you, but you resist.
The orc priest hits you with a +0 flail.
* * * LOW HITPOINT WARNING * * *
The ogre closely misses you.
You feel less confused. The orc priest misses you.
It was a potion of curing.
You feel better. The orc barely misses you.
The orc priest calls down the wrath of Beogh upon you.
Beogh smites you!
You die...

...##########
#.##......... ♣♣
#.##.###.#### ♣♣♣.♣♣
♣♣.##.###.# ♣♣.....♣♣
♣♣.....>.#.####
♣.......♣♣♣..............
...≈~≈o..♣...≈~≈...######
..≈≈~≈≈Oo...≈≈~≈≈..#
..~~_{)o@...~~♣~~...#
..≈≈~≈≈....?≈≈~≈≈.....
...≈~≈...♣...≈~≈....##.
♣.......♣♣♣?.......##
♣♣.....♣♣ ♣♣...$...#
♣♣♣.♣♣ ♣♣....## ♣♣ ..###
.#


You could see an ogre, an orc priest and 2 orcs.

Vanquished Creatures
  A water moccasin zombie (D:3)
  An orc wizard (D:4)
  A howler monkey zombie (D:3)
  2 adders (D:2)
  3 adder zombies (D:3)
  2 adder skeletons (D:3)
  2 worms
  A dart slug (D:2)
  2 orcs
  3 bats
  4 endoplasms
  2 giant cockroaches
  12 goblins
  8 hobgoblins
  5 kobolds
  A quokka (D:3)
  5 ball pythons
  A ball python skeleton (D:3)
  4 frilled lizards
  4 rats
64 creatures vanquished.

Notes
Turn   | Place    | Note
-------+----------+-------------------------------------------
     0 | D:1      | wormed the Ghoul Fighter began the quest for the Orb.
     0 | D:1      | Reached XP level 1. HP: 19/19 MP: 0/0
   142 | D:1      | Found a faded altar of an unknown god.
   183 | D:1      | Reached XP level 2. HP: 26/26 MP: 1/1
   610 | D:2      | Reached XP level 3. HP: 30/31 MP: 2/2
  1039 | D:2      | Reached XP level 4. HP: 40/40 MP: 3/3
  1688 | D:3      | Reached skill level 4 in Fighting
  1697 | D:3      | Reached XP level 5. HP: 15/46 MP: 4/4
  2250 | D:4      | Noticed an ogre
  2259 | D:4      | HP: 2/46 [orc/+0 trident (6)]
  2261 | D:4      | Killed from afar by an orc priest

Illustrated notes

Levels and vault maps discovered:
D:1:      nicolae_arrival_somewhat_less_tricky_arrival, layout_rooms,
          shapermc_ecumenical_altar_mp_highgroup
D:2:      cheibrodos_greedy_goblins, layout_basic
D:3:      layout_loops_ring, serial_undead, serial_undead_c, serial_undead_a,
          serial_undead_b, serial_undead_b, serial_undead_a, serial_undead_a
D:4:      layout_loops_ring, elyvilon_altar_3,
          mainiacjoe_overflow_small_starburst, corexii_corridor_pit,
          nicolae_shop_overcharged_wands

Skill      XL: |  1  2  3  4 |
---------------+-------------+-----
Axes           | 2 3 |  3.5
Armour         | 3 |  3.4
Shields        | 3 |  3.4
Fighting       | 4 |  4.2

Action                   |  1- 3 |  4- 6 || total
-------------------------+-------+-------++-------
Melee: War axe           |    70 |   106 ||   176
  Use: Potion            |       |     2 ||     2
Armor: Scale mail        |    44 |    41 ||    85
Dodge: Dodged            |    51 |    53 ||   104
Block: Buckler           |    17 |    25 ||    42

Table legend: (Time is in decaauts)
 A = Elapsed time spent in this place.
 B = Non-inter-level travel time spent in this place.
 C = Inter-level travel time spent in this place.
 D = Time resting spent in this place.
 E = Time spent auto-exploring this place.
 F = Levels seen in this place.
 G = Mean time per level.
                   A        B        C        D        E       F      G
               +--------+--------+--------+--------+--------+-----+--------+
         Total |   2332 |   2112 |    220 |      0 |   1638 |   4 |  583.0 |
       Dungeon |   2332 |   2112 |    220 |      0 |   1638 |   4 |  583.0 |
               +--------+--------+--------+--------+--------+-----+--------+

Top non-repeatable levels by time:
     D:3: 1006 daAuts
     D:1: 646 daAuts
     D:2: 599 daAuts
     D:4: 80 daAuts
